 Dungeon Crawl Stone Soup version 0.17.0-28-g6e173f8 (webtiles) character file.

97 homeworkjunkie the Sneak (level 4, -5/23 HPs)
             Began as a Spriggan Assassin on Nov 23, 2015.
             Slain by an ogre
             ... wielding a +0 giant spiked club
              (24 damage)
             ... on level 4 of the Dungeon.
             The game lasted 00:03:09 (2169 turns).

homeworkjunkie the Sneak (Spriggan Assassin)        Turns: 2169, Time: 00:03:09

Health: -5/23      AC:  4    Str:  7    XL:     4   Next: 42%
Magic:  5/5        EV: 19    Int: 12    God:
Gold:   78         SH:  0    Dex: 18    Spells: 0 memorised, 3 levels left

rFire  . . .     SeeInvis +     a - +2 dagger
rCold  . . .     Clarity  .     p - +1 robe {MR+}
rNeg   . . .     SustAt   .     (shield restricted)
rPois  .         Gourm    .     (helmet restricted)
rElec  .         Spirit   .     d - +0 cloak
rCorr  .         Warding  .     (gloves unavailable)
rMut   .         Stasis   .     (boots unavailable)
MR     +....                    (no amulet)
Stlth  +++.......               (no ring)
                                n - ring of loudness (curse)

@: very quick, somewhat resistant to hostile enchantments, fairly stealthy
A: unfitting armour, see invisible, herbivore 3, speed 3, slow metabolism 2
a: no special abilities


You were on level 4 of the Dungeon.
You were not hungry.

You visited 1 branch of the dungeon, and saw 4 of its levels.

You collected 78 gold pieces.

Inventory:

Hand Weapons
 a - a +2 dagger (weapon)
 b - a +0 blowgun
 j - a +0 hunting sling
Missiles
 c - 24 sling bullets
 e - 14 poisoned needles
 f - 2 curare-tipped needles
 i - 6 tomahawks (quivered)
 l - 11 sling bullets of flame
Armour
 d - a +0 cloak (worn)
 p - a +1 robe of magic resistance (worn)
Jewellery
 n - a cursed ring of loudness (left hand)
Wands
 o - a wand of invisibility (4)
Scrolls
 q - a scroll of teleportation {unknown}
Potions
 h - a potion of lignification {unknown}
 k - a potion of haste {unknown}
 m - a potion of resistance {unknown}
 r - a potion of flight {unknown}
Comestibles
 g - 3 bread rations


   Skills:
 * Level 1.8 Fighting
 * Level 2.5 Short Blades
 * Level 2.4 Throwing
 * Level 3.4 Dodging
 * Level 7.4 Stealth


You had 3 spell levels left.
You didn't know any spells.

Dungeon Overview and Level Annotations

Branches:
Dungeon (4/15)
 Temple: D:4-7

Altars:

Annotations:
D:1 1 runed door


Innate Abilities, Weirdness & Mutations

You are tiny and cannot use many weapons and most armour.
You have supernaturally acute eyesight.
You are a herbivore.
You cover ground extremely quickly.
You need consume almost no food.


Message History

You hit the orc.
You kill the orc!
The orc throws a tomahawk.
The tomahawk completely misses you. The orc misses you.
You hit the orc.
The orc is moderately wounded.
You closely miss the orc.
The orc is moderately wounded.
The orc barely misses you.
You hit the orc.
The orc is severely wounded.
The orc completely misses you. The ogre closely misses you.
The orc hits you with a dagger. The orc hits you but does no damage.
You hit the orc.
You kill the orc!
The orc barely misses you.
You completely miss the ogre. The orc misses you.
The ogre hits you with a giant spiked club!!
Ouch! That really hurt!
You die...

..................
#########.##........
........#.##.P####..
#......<..##..#
#.##########..# ...
#..# #####.##).#
#.....O(..#
#.#.#.#@)## # #oo#
#..# #..# #..# #...
#... #..##


You could see an ogre and 2 orcs.

Vanquished Creatures
  4 adders (D:2)
  2 oozes (D:2)
  4 worms (D:2)
  3 orcs (D:4)
  4 bats
  8 hobgoblins
  A ball python (D:2)
  4 giant cockroaches
  2 giant newts
  4 goblins
  3 kobolds (D:2)
  4 rats
43 creatures vanquished.

Notes
Turn   | Place    | Note
--------------------------------------------------------------
     0 | D:1      | homeworkjunkie the Spriggan Assassin began the quest for the Orb.
     0 | D:1      | Reached XP level 1. HP: 10/10 MP: 2/2
    20 | D:2      | Found a faded altar to an unknown god.
    22 | D:2      | Reached skill level 6 in Stealth
    72 | D:1      | Found a runed door.
   272 | D:1      | Reached XP level 2. HP: 8/14 MP: 3/3
   706 | D:2      | Reached XP level 3. HP: 16/18 MP: 4/4
   803 | D:2      | Reached skill level 7 in Stealth
  1358 | D:2      | Reached XP level 4. HP: 8/23 MP: 5/5
  2160 | D:4      | Noticed an ogre
  2169 | D:4      | Slain by an ogre

Action                   |  1- 3 |  4- 6 || total
-------------------------+-------+-------++-------
Melee: Dagger            |    76 |    62 ||   138
  Use: Scroll            |     1 |     2 ||     3
 Stab: Sleeping          |    12 |     3 ||    15
       Distracted        |     1 |     1 ||     2
